Map: Abyssal Reef LE

Players

McMonroe

  • Race: Zerg Zerg
  • Spawn Location: 5:00

SortOf - Winner!

  • Race: Zerg Zerg
  • Spawn Location: 11:00

Event: WCS Austin 2017

VOD

Have the link to the VOD?

Description

Time

  • Played on: April 28, 2017, 1:24 p.m.
  • Length: 3:35

All games in this series

Show
View Real Time Build Order
Export as new Build Order

McMonroe Zerg 

Build Orders: Hatch First 

Get SALT Encoding   

  12  0:00  Drone  
  13  0:12  Overlord  
  13  0:17  Drone  
  14  0:30  Drone x2  
  14  0:34  Drone  
  17  0:52  Hatchery  
  17  0:55  Drone  
  17  0:58  Drone  
  18  1:08  Extractor  
  17  1:13  Spawning Pool  
  17  1:15  Drone  
  17  1:19  Drone  
  18  1:27  Drone  
  19  1:38  Overlord  
  19  1:49  Drone  
  20  2:00  Queen  
  20  2:01  Zergling x2  
  23  2:04  Queen  
  23  2:05  Zergling x2  
  26  2:11  Drone  
  26  2:15  Drone  
  28  2:21  Zergling x2  
  29  2:27  Drone  
  30  2:33  Drone  
  31  2:46  Drone x2  
  31  2:51  Drone  
  32  2:55  Drone  
  33  3:01  Drone  
  33  3:04  Drone  
  35  3:06  Evolution Chamber  
  35  3:10  Hatchery  
  33  3:17  Roach Warren, Zergling x2  
Show
View Real Time Build Order
Export as new Build Order

SortOf Zerg - Winner!

Build Orders: Pool First 

Get SALT Encoding   

  12  0:01  Drone  
  13  0:13  Overlord  
  13  0:19  Drone  
  14  0:33  Drone x2  
  16  0:37  Drone  
  17  0:45  Extractor  
  17  0:47  Spawning Pool  
  15  0:50  Drone  
  16  0:58  Drone  
  17  1:17  Hatchery  
  16  1:34  Zergling x6  
  19  1:41  Queen  
  21  1:48  Metabolic Boost  
  21  1:57  Overlord  
  21  2:00  Zergling x2  
  22  2:17  Zergling x2  
  22  2:18  Zergling x2  
  22  2:19  Queen  
  26  2:29  Zergling x4  
  28  2:42  Zergling x2  
  29  2:45  Zergling x2  
  29  2:51  Zergling x8  
  28  2:52  Baneling Nest  
  28  2:58  Zergling x2  
  31  3:06  Zergling x4  
  33  3:15  Zergling x4  
Tags
 
Add a new tag
Caveats
  • Supply blocks, unpowered buildings, or Contaminate may cause inaccurate times.
  • Supply counts are checked every 10 seconds.